Map: 애씨드 플랜트 - 래더

Players

Solar - Winner!

  • Race: Zerg Zerg
  • League: Diamond
  • Spawn Location: 5:00

lIIllllIIlll (INnoVation)

  • Race: Terran Terran
  • League: Master
  • Spawn Location: 11:00

Event: HomeStory Cup XVII

VOD

Have the link to the VOD?

Description

Time

  • Played on: June 30, 2018, 2:21 p.m.
  • Length: 5:26

All games in this series

Show
View Real Time Build Order
Export as new Build Order

Solar Zerg - Winner!

Build Orders: Hatch First, Roach Nydus 

Get SALT Encoding   

  12  0:01  Drone  
  13  0:12  Overlord  
  13  0:17  Drone  
  14  0:31  Drone x2  
  14  0:34  Drone  
  17  0:51  Hatchery  
  17  0:54  Drone  
  17  0:58  Drone  
  17  1:02  Extractor  
  17  1:12  Spawning Pool  
  17  1:15  Drone  
  17  1:18  Drone  
  18  1:28  Drone  
  19  1:38  Overlord  
  19  2:00  Queen, Zergling x4  
  23  2:03  Queen, Drone  
  26  2:11  Drone  
  27  2:22  Hatchery  
  26  2:25  Drone  
  26  2:27  Drone  
  28  2:33  Drone x2  
  30  2:43  Queen  
  31  2:49  Lair  
  31  2:53  Drone  
  31  2:56  Overlord  
  32  3:00  Drone  
  32  3:03  Drone  
  32  3:04  Drone  
  35  3:15  Drone x4  
  35  3:17  Drone  
  35  3:18  Extractor  
  39  3:24  Roach Warren  
  39  3:27  Drone  
  39  3:31  Overlord  
  39  3:33  Drone  
  40  3:36  Drone, Extractor  
  40  3:40  Drone x2  
  42  3:47  Overlord  
  42  3:52  Nydus Network  
  41  4:00  Overlord  
  41  4:04  Roach x3  
  41  4:09  Overseer  
  47  4:11  Queen  
  47  4:15  Roach  
  51  4:20  Overlord  
  51  4:26  Roach  
  51  4:27  Roach  
  51  4:30  Nydus Canal  
  55  4:35  Roach  
  55  4:36  Roach  
  59  4:39  Roach  
  59  4:43  Roach  
  63  4:50  Roach x2  
  63  4:52  Roach  
  69  4:55  Roach  
  69  4:59  Roach  
  65  5:04  Roach  
  58  5:23  Ravager  
Show
View Real Time Build Order
Export as new Build Order

lIIllllIIlll Terran 

Build Orders: Liberator Opening, Reaper Expand 

Get SALT Encoding   

  12  0:00  SCV  
  13  0:13  SCV  
  14  0:17  Supply Depot  
  14  0:25  SCV  
  15  0:38  SCV  
  15  0:40  Barracks  
  16  0:44  Refinery  
  16  0:50  SCV  
  17  1:03  SCV  
  18  1:15  SCV  
  19  1:27  Orbital Command, Reaper  
  20  1:39  Command Center  
  20  1:49  Supply Depot  
  20  1:52  SCV  
  21  1:59  Marine  
  22  2:05  SCV  
  22  2:08  Factory  
  23  2:15  Refinery  
  23  2:17  SCV  
  23  2:22  Barracks Reactor  
  25  2:30  SCV  
  25  2:42  SCV  
  26  2:52  Starport, Orbital Command  
  26  2:54  SCV  
  27  3:00  Hellion x2  
  31  3:06  SCV  
  31  3:07  Barracks Tech Lab  
  32  3:19  SCV x2  
  34  3:22  Hellion x2  
  38  3:31  SCV x2  
  40  3:34  Medivac  
  40  3:38  Supply Depot  
  40  3:39  Barracks Tech Lab  
  42  3:43  SCV x2  
  42  3:44  Hellion  
  42  3:47  Liberator  
  46  3:54  Supply Depot  
  46  4:00  Hellion  
  46  4:02  SCV x2  
  53  4:15  Command Center  
  53  4:19  SCV  
  53  4:20  SCV  
  53  4:21  Marine  
  56  4:27  Factory Reactor  
  56  4:30  Barracks  
  56  4:31  SCV  
  56  4:32  SCV  
  56  4:36  Barracks  
  58  4:39  Marine  
  58  4:41  Supply Depot  
  59  4:47  SCV x2  
  61  4:59  Marauder  
  62  5:03  SCV x2  
Tags
 
Add a new tag
Caveats
  • Supply blocks, unpowered buildings, or Contaminate may cause inaccurate times.
  • Supply counts are checked every 10 seconds.